 Dungeon Sprint DCSS version 0.28-a0-297-g99b01970c5 (webtiles) character file.

Game seed: 4349481118674248849

7496 Conn the Arsonist (level 11, -17/69 HPs)
             Began as an Octopode Fire Elementalist on Aug 29, 2021.
             Was the Champion of Sif Muna.
             Engulfed by a cloud of flame (21 damage)
             ... in the Dungeon (Sprint VII: "The Pits").
             The game lasted 00:23:22 (3144 turns).

Conn the Arsonist (Octopode Fire Elementalist)      Turns: 3144, Time: 00:23:29

Health: -17/69     AC:  1    Str:  7    XL:     11   Next: 16%
Magic:  0/27       EV: 16    Int: 24    God:    Sif Muna [******]
Gold:   0          SH:  0    Dex: 16    Spells: 2/34 levels left

rFire   . . .      SeeInvis .   o - +2 rapier (drain)
rCold   . . .      Faith    .   (no shield)
rNeg    . . .      Spirit   .   (helmet restricted)
rPois   .          Reflect  .   (no amulet)
rElec   .          Harm     .   f - +3 ring of intelligence
rCorr   .          Rampage  .   k - +3 ring of dexterity
Will    .....      NoTele   +   (no ring)
Stlth   +++++.....              (no ring)
HPRegen 0.21/turn               (no ring)
MPRegen 0.20/turn               (no ring)
                                (no ring)
                                (no ring)

@: no status effects
A: almost no armour, amphibious, 8 rings, camouflage 1, gelatinous body 1,
(nimble swimmer 1), tentacles
a: Renounce Religion, Channel Magic, Forget Spell, Divine Exegesis


You were in the Dungeon.
You worshipped Sif Muna.
Sif Muna was exalted by your worship.
You visited 1 branch

Inventory:

Hand Weapons
 j - a +2 dagger
 o - a +2 rapier of draining (weapon)
Jewellery
 f - a +3 ring of intelligence (left tentacle)
 k - a +3 ring of dexterity (right tentacle)
Scrolls
 h - 5 scrolls of amnesia
Potions
 a - 8 potions of curing
 b - 7 potions of heal wounds
 c - a potion of haste
 d - 4 potions of magic
 e - 5 potions of berserk rage
 g - a potion of invisibility
 l - a potion of brilliance
 m - 2 potions of might
 n - a potion of mutation


   Skills:
 + Level 4.2 Fighting
 + Level 2.1 Short Blades
 + Level 7.0 Dodging
 + Level 9.1 Stealth
 + Level 12.4 Spellcasting
 + Level 10.1 Conjurations
 + Level 5.2 Hexes
 * Level 4.4 Translocations
 + Level 13.8 Fire Magic
 + Level 3.2 Ice Magic
 + Level 3.3 Air Magic
 + Level 3.1 Earth Magic
 + Level 3.9 Poison Magic
 - Level 6.8 Invocations


You had 2 spell levels left.
You knew the following spells:

 Your Spells              Type           Power      Damage    Failure   Level
a - Foxfire               Conj/Fire      100%       2x1d9     1%          1
b - Conjure Flame         Conj/Fire      64%        6-21      1%          3
c - Inner Flame           Hex/Fire       57%        N/A       1%          3
d - Sticky Flame          Conj/Fire      64%        2d8       1%          4
e - Fireball              Conj/Fire      32%        3d14      1%          5
f - Bolt of Magma         Conj/Fire/Erth 27%        4d13      2%          5
g - Mephitic Cloud        Conj/Pois/Air  42%        N/A       1%          3
h - Hailstorm             Conj/Ice       47%        3d11      2%          4
i - Iskenderun's Mystic   Conj/Tloc      50%        2d11      1%          4

Your spell library contained the following spells:

 Spells                   Type           Power      Damage    Failure   Level
 Magic Dart               Conj           100%       1d8       1%          1
 Static Discharge         Conj/Air       47%        N/A       1%          2
 Call Imp                 Summ           14%        N/A       6%          2
 Dazzling Flash           Conj/Hex       100%       N/A       1%          3
 Ignite Poison            Fire/Tmut/Pois 43%        N/A       1%          3
 Frozen Ramparts          Ice            60%        1d8       3%          3
 Summon Guardian Golem    Hex/Summ       27%        N/A       4%          3
 Freezing Cloud           Conj/Ice/Air   20%        6-21      12%         5
 Silence                  Hex/Air        17%        N/A       19%         5
 Summon Lightning Spire   Summ/Air       22%        N/A       21%         4
 Summon Forest            Summ/Tloc      12%        N/A       41%         5
 Orb of Destruction       Conj           29%        9d11      47%         7
 Invisibility             Hex            20%        N/A       58%         6
 Ignition                 Fire           34%        3d11      67%         8
 Spellforged Servitor     Conj/Summ      19%        N/A       99%         7
 Lehudib's Crystal Spear  Conj/Erth      23%        10d6      100%        8


Dungeon Overview and Level Annotations

Branches:
Dungeon (1/1)

Altars:
Ashenzari
Cheibriados
Dithmenos
Elyvilon
Fedhas
Gozag
Hepliaklqana
Kikubaaqudgha
Makhleb
Nemelex Xobeh
Okawaru
Qazlal
Ru
Sif Muna
Trog
Uskayaw
Vehumet
Wu Jian
Xom
Yredelemnul
Zin
The Shining One
Beogh
Jiyva
Lugonu


Innate Abilities, Weirdness & Mutations

You cannot wear most types of armour.
You are amphibious.
You can wear up to eight rings at the same time.
Your skin changes colour to match your surroundings (Stealth+).
Your rubbery body absorbs attacks. (AC +1, EV +1)
((You are camouflaged near water. (Stealth+)))
You have tentacles for arms and can constrict up to eight enemies at once.


Message History

There is an open door here.
You see here a +0 long sword.
The swamp dragon is engulfed in blazing flames.
Snorg goes berserk!
A crimson imp comes into view.
Casting: Fireball (dangerous; 1% risk of failure)
Confirm with . or Enter, or press ? or * to list all spells.
Aiming: Fireball (dangerous; 1% risk of failure)
Press: ? - help, Shift-Dir - straight line, f/p - Snorg
Aim: Snorg (severely wounded, berserk, inner flame)
The fireball explodes!
The fireball engulfs Snorg!!
Flame seeps out of Snorg.
Snorg is almost dead.
The fireball engulfs the swamp dragon!!
The swamp dragon is severely wounded.
Snorg is engulfed in blazing flames.
Flame seeps out of Snorg.
Snorg misses you. x3
Unknown command.
Casting: Fireball (dangerous; 1% risk of failure)
Confirm with . or Enter, or press ? or * to list all spells.
Okay, then.
Unknown command.
Unknown command.
Okay, then.
Okay, then.
Casting: Fireball (dangerous; 1% risk of failure)
Confirm with . or Enter, or press ? or * to list all spells.
Aiming: Sticky Flame (safe; 1% risk of failure)
Press: ? - help, Shift-Dir - straight line, f/p - Snorg
Aim: Snorg (almost dead, berserk, inner flame, 100% to hit)
The sticky flame hits Snorg!
Sif Muna accepts your kill.
Snorg explodes!
The fiery explosion engulfs you!!!
Ouch! That really hurt!
* * * LOW HITPOINT WARNING * * *
The fiery explosion engulfs the swamp dragon!!
You kill the swamp dragon!
Sif Muna accepts your kill.
You are engulfed in blazing flames.
You die...

..............+
..............+
....#..#......#
......).).....#
#'#####''######
.....##''################
.....##)).......§#§§....#
.....##.........§§○§☼§..# ..
.<...##..#####..@#####'##....
.....##..+)).#......h)......h.
.....##..#..)#........##T##...
.....##..#).)#.#####..# .#
#######.÷#####.+ #..# #
#######........# +..#
#..[[##........# #...
#..[[###)###...# #....
'...)##....'...# #...##


You could see a hound.

Vanquished Creatures
  Snorg (D)
  A hydra (D)
  A two-headed ogre (D)
  A deep troll (D)
  A flayed ghost (D)
  A swamp dragon (D)
  2 deep elf pyromancers (D)
  A phantasmal warrior (D)
  An orc sorcerer (D)
  A cane toad (D)
  A merfolk (D)
  A polar bear (D)
  A jumping spider (D)
  A tyrant leech (D)
  4 blink frogs (D)
  2 flying skulls (D)
  A basilisk (D)
  Menkaure (D)
  2 water moccasins (D)
  An acid dragon (D)
  A floating eye (D)
  A phantom (D)
  A gnoll sergeant (D)
  A scorpion (D)
  A hound (D)
  2 gnoll shamans (D)
  2 orc priests (D)
  A quasit (D)
  A jelly (D)
  An orc wizard (D)
  11 gnolls (D)
  A river rat (D)
  2 ufetubi (D)
  6 orcs (D)
  2 endoplasms (D)
  A hobgoblin (D)
  2 quokkas (D)
  A bat (D)
  A frilled lizard (D)
65 creatures vanquished.

Vanquished Creatures (collateral kills)
  A foxfire (D)
1 creature vanquished.

Vanquished Creatures (others)
  126 foxfires (D)
126 creatures vanquished.

Grand Total: 192 creatures vanquished

Notes
Turn   | Place    | Note
-------+----------+-------------------------------------------
     0 | D        | Conn the Octopode Fire Elementalist began the quest for the
                  | Orb.
     0 | D        | Reached XP level 1. HP: 11/11 MP: 3/3
    11 | D        | Reached skill level 4 in Fire Magic
    38 | D        | Found a bloodstained altar of Trog.
    38 | D        | Found a shimmering blue altar of Sif Muna.
    38 | D        | Found a viscous altar of Jiyva.
    38 | D        | Found a hazy altar of Hepliaklqana.
    38 | D        | Found an opulent altar of Gozag.
    39 | D        | Found a glowing golden altar of the Shining One.
    39 | D        | Found a glowing silver altar of Zin.
    39 | D        | Found a basalt altar of Yredelemnul.
    39 | D        | Found a shimmering altar of Xom.
    39 | D        | Found an ornate altar of the Wu Jian Council.
    39 | D        | Found a sacrificial altar of Ru.
    39 | D        | Found a stormy altar of Qazlal.
    39 | D        | Found an iron altar of Okawaru.
    39 | D        | Found a sparkling altar of Nemelex Xobeh.
    39 | D        | Found a burning altar of Makhleb.
    39 | D        | Found a blossoming altar of Fedhas.
    39 | D        | Found a white marble altar of Elyvilon.
    39 | D        | Found a shadowy altar of Dithmenos.
    39 | D        | Found a snail-covered altar of Cheibriados.
    41 | D        | Found a corrupted altar of Lugonu.
    41 | D        | Found a radiant altar of Vehumet.
    42 | D        | Found an ancient bone altar of Kikubaaqudgha.
    42 | D        | Found a hide-covered altar of Uskayaw.
    42 | D        | Found a broken altar of Ashenzari.
    43 | D        | Became a worshipper of Sif Muna the Loreminder
    56 | D        | Noticed a floating eye
    59 | D        | Paralysed by a floating eye for 3 turns
    64 | D        | Paralysed by a floating eye for 3 turns
    69 | D        | Paralysed by a floating eye for 3 turns
    76 | D        | Paralysed by a floating eye for 2 turns
    81 | D        | Paralysed by a floating eye for 3 turns
    86 | D        | Paralysed by a floating eye for 2 turns
    92 | D        | Paralysed by a floating eye for 4 turns
   101 | D        | Paralysed by a floating eye for 2 turns
   106 | D        | Killed a floating eye
   107 | D        | Reached skill level 7 in Fire Magic
   107 | D        | Reached XP level 2. HP: 17/17 MP: 0/7
   107 | D        | Reached XP level 3. HP: 21/21 MP: 0/8
   107 | D        | Reached XP level 4. HP: 27/27 MP: 0/10
   195 | D        | Learned a level 3 spell: Conjure Flame
   199 | D        | Learned a level 3 spell: Inner Flame
   204 | D        | Learned a level 4 spell: Sticky Flame
   206 | D        | Reached * piety under Sif Muna
   236 | D        | Noticed a scorpion
   434 | D        | Reached ** piety under Sif Muna
   435 | D        | Reached XP level 5. HP: 31/31 MP: 8/11
   441 | D        | Reached skill level 5 in Stealth
   441 | D        | Reached skill level 5 in Spellcasting
   441 | D        | Reached skill level 8 in Fire Magic
   442 | D        | Reached *** piety under Sif Muna
   555 | D        | Reached XP level 6. HP: 36/36 MP: 9/14
   609 | D        | Learned a level 5 spell: Fireball
   609 | D        | Noticed Menkaure
   612 | D        | Noticed a flying skull
   613 | D        | Killed Menkaure
   614 | D        | Reached skill level 1 in Hexes
   614 | D        | Reached skill level 9 in Fire Magic
   839 | D        | Reached **** piety under Sif Muna
   896 | D        | Noticed a water moccasin
   907 | D        | Killed a water moccasin
   908 | D        | Reached skill level 5 in Conjurations
   908 | D        | Reached skill level 10 in Fire Magic
   908 | D        | Reached XP level 7. HP: 6/41 MP: 7/17
   997 | D        | Reached ***** piety under Sif Muna
  1009 | D        | Killed a flying skull
  1009 | D        | Received a gift from Sif Muna
  1010 | D        | Reached skill level 1 in Fighting
  1014 | D        | Got Sif Muna's Compendium of the Arsonist and Confrontation
                  | {god gift}
  1247 | D        | Learned a level 5 spell: Bolt of Magma
  1254 | D        | Reached skill level 11 in Fire Magic
  1254 | D        | Reached skill level 1 in Invocations
  1260 | D        | Noticed a tyrant leech
  1290 | D        | Killed a tyrant leech
  1291 | D        | Reached XP level 8. HP: 30/50 MP: 4/20
  1562 | D        | Noticed a two-headed ogre
  1564 | D        | Received a gift from Sif Muna
  1565 | D        | Reached skill level 1 in Short Blades
  1565 | D        | Reached skill level 5 in Dodging
  1593 | D        | Killed a two-headed ogre
  1594 | D        | Reached skill level 5 in Invocations
  1594 | D        | Reached XP level 9. HP: 56/56 MP: 2/22
  1905 | D        | Learned a level 3 spell: Mephitic Cloud
  1908 | D        | Noticed a flayed ghost
  1915 | D        | Killed a flayed ghost
  1916 | D        | Reached skill level 10 in Spellcasting
  1916 | D        | Reached skill level 12 in Fire Magic
  1916 | D        | Received a gift from Sif Muna
  1917 | D        | Got Sif Muna's Papyrus of Creative Blows and Bruises {god
                  | gift}
  2051 | D        | Noticed an orc sorcerer
  2055 | D        | Paralysed by an orc sorcerer for 3 turns
  2059 | D        | Killed an orc sorcerer
  2266 | D        | Noticed a phantasmal warrior
  2273 | D        | Killed a phantasmal warrior
  2274 | D        | Reached XP level 10. HP: 63/63 MP: 5/25
  2277 | D        | Noticed an eight-headed hydra
  2278 | D        | Received a gift from Sif Muna
  2406 | D        | Killed an eight-headed hydra
  2406 | D        | Reached ****** piety under Sif Muna
  2407 | D        | Reached skill level 13 in Fire Magic
  2453 | D        | Got Sif Muna's Almanac of the Igneous Frostbite {god gift}
  2459 | D        | Learned a level 4 spell: Hailstorm
  2464 | D        | Learned a level 4 spell: Iskenderun's Mystic Blast
  2473 | D        | Reached skill level 1 in Translocations
  2473 | D        | Reached skill level 1 in Ice Magic
  2473 | D        | Reached skill level 1 in Air Magic
  2473 | D        | Reached skill level 1 in Earth Magic
  2473 | D        | Reached skill level 1 in Poison Magic
  2691 | D        | Noticed a deep elf pyromancer
  2691 | D        | Noticed a deep troll
  2697 | D        | Killed a deep elf pyromancer
  2699 | D        | Received a gift from Sif Muna
  2766 | D        | Killed a deep troll
  2767 | D        | Reached skill level 5 in Hexes
  2767 | D        | Reached XP level 11. HP: 40/69 MP: 2/27
  2947 | D        | Got Sif Muna's Volume of Ensnaring Fire {god gift}
  2959 | D        | Noticed a deep elf pyromancer
  2968 | D        | Killed a deep elf pyromancer
  2969 | D        | Reached skill level 10 in Conjurations
  3132 | D        | Noticed Snorg
  3138 | D        | Noticed a swamp dragon
  3144 | D        | Killed Snorg
  3144 | D        | Killed a swamp dragon
  3144 | D        | Engulfed by a cloud of flame

Illustrated notes

Levels and vault maps discovered:
D:        pitsprint [storerooms_1, entrance_room_1, metal_vault_8, armoury_3,
          mini_pit_1, grid_room_1, main_hall_1, silver_pit, the_coven_3,
          the_vestibule_1, steel_vault_3, golden_pit, hallway_of_sentries,
          crystal_vault_6, iron_vault_4, final_vault]

Skill      XL: |  1  2  3  4  5  6  7  8  9 10 11 |
---------------+----------------------------------+-----
Stealth        | 4 5 6 7 8 9 |  9.1
Fire Magic     | 7 8 10 11 12 13 | 13.8
Dodging        | 3 4 5 6 7 |  7.0
Spellcasting   | 4 5 7 8 9 11 12 | 12.4
Conjurations   | 3 5 6 7 8 9 10 | 10.1
Hexes          | 1 2 3 4 5 |  5.2
Fighting       | 1 3 4 |  4.2
Invocations    | 2 5 6 |  6.8
Short Blades   | 1 2 |  2.1
Translocations | 3 4 |  4.4
Ice Magic      | 3 |  3.2
Air Magic      | 3 |  3.3
Earth Magic    | 3 |  3.1
Poison Magic   | 3 |  3.9

Action                   |  1- 3 |  4- 6 |  7- 9 | 10-12 || total
-------------------------+-------+-------+-------+-------++-------
Melee: Constrict         |     1 |     3 |     4 |       ||     8
       Unarmed           |     1 |       |       |       ||     1
       Dagger            |       |     4 |    20 |       ||    24
       Tentacles         |       |     2 |     3 |       ||     5
       Rapier            |       |       |     3 |     1 ||     4
 Cast: Foxfire           |     7 |    32 |    26 |    13 ||    78
       Inner Flame       |       |     4 |     6 |     9 ||    19
       Sticky Flame      |       |     2 |     7 |     2 ||    11
       Fireball          |       |       |    10 |    11 ||    21
       Iskenderun's Myst |       |       |       |     3 ||     3
       Conjure Flame     |       |       |       |     1 ||     1
       Mephitic Cloud    |       |       |       |     1 ||     1
Invok: Channel Magic     |       |       |       |     1 ||     1
  Use: Potion            |       |     1 |     2 |     1 ||     4
       Scroll            |       |       |     1 |     1 ||     2
 Stab: Sleeping          |       |       |     2 |       ||     2
       Distracted        |       |       |     1 |       ||     1
Armor: Skin              |       |       |     1 |       ||     1
Dodge: Dodged            |       |     6 |    33 |    11 ||    50

Table legend: (Time is in decaauts)
 A = Elapsed time spent in this place.
 B = Non-inter-level travel time spent in this place.
 C = Inter-level travel time spent in this place.
 D = Time resting spent in this place.
 E = Time spent auto-exploring this place.
 F = Levels seen in this place.
 G = Mean time per level.
                   A        B        C        D        E       F      G
               +--------+--------+--------+--------+--------+-----+--------+
         Total |   3142 |   3142 |      0 |   1930 |      0 |   1 | 3142.0 |
       Dungeon |   3142 |   3142 |      0 |   1930 |      0 |   1 | 3142.0 |
               +--------+--------+--------+--------+--------+-----+--------+

Top non-repeatable levels by time:
       D: 3142 daAuts
